MLB
WASHINGTON NATIONALS @ TORONTO BLUE JAYS
04/09/2099
 
TOP OF THE 1ST
Washington Nationals batting - Pitching for Toronto Blue Jays : RHP Jason Hudgins
Pitching: RHP Jason Hudgins
Batting: RHB Luis Rivera 0-0: Ground out 5-3 (Groundball, 5, EV 105.0 MPH)
Batting: RHB Mario Garcia 0-0: Called Strike
0-1: Fly out, F7 (Flyball, 7D, EV 103.8 MPH)
Batting: LHB Bubba Main 0-0: Swinging Strike
0-1: Ball
1-1: Ball
2-1: Ball
3-1: Called Strike
3-2: Foul Ball, location: 9LDF
3-2: SOLO HOME RUN (Flyball, 9LD, EV 91.9 MPH), Distance : 343 ft
Batting: RHB Jon Young 0-0: Ball
1-0: Swinging Strike
1-1: Ball
2-1: Called Strike
2-2: Strikes out swinging
Top of the 1st over - 1 run, 1 hit, 0 errors, 0 left on base; Washington 1 - Toronto 0
BOTTOM OF THE 1ST
Toronto Blue Jays batting - Pitching for Washington Nationals : LHP Jimmy Bruder
Pitching: LHP Jimmy Bruder
Batting: RHB Greg Bates 0-0: Ball
1-0: Foul Ball, location: 9LMF
1-1: Ground out 1-3 (Groundball, 15, EV 66.9 MPH)
Batting: RHB Danny Daugherty 0-0: Called Strike
0-1: Called Strike
0-2: Ball
1-2: Ball
2-2: Foul Ball, location: 3FF
2-2: Ball
3-2: Base on Balls
Batting: RHB Greg Whitaker 0-0: Called Strike
0-1: Swinging Strike
0-2: Foul Ball, location: 5F
0-2: Strikes out swinging
Batting: SHB Dennis Desper 0-0: Ball
1-0: Ball
2-0: Foul Ball, location: 9LSF
2-1: Foul Ball, location: 2F
2-2: Ball
3-2: Foul Ball, location: 2F
3-2: Base on Balls
Danny Daugherty to second
Batting: RHB Ricky Ulloa 0-0: Called Strike
0-1: Fly out, F9 (Flyball, 9D, EV 96.9 MPH)
Bottom of the 1st over - 0 runs, 0 hits, 0 errors, 2 left on base; Washington 1 - Toronto 0
TOP OF THE 2ND
Washington Nationals batting - Pitching for Toronto Blue Jays : RHP Jason Hudgins
Batting: LHB Jose Lara 0-0: Ball
1-0: Ball
2-0: Foul Ball, location: 3FF
2-1: Called Strike
2-2: Strikes out looking
Batting: RHB Isaiah Williams 0-0: Called Strike
0-1: Ball
1-1: Ball
2-1: Ball
3-1: Base on Balls
Batting: SHB Kyle Spencer 0-0: Called Strike
0-1: Fly out, F8 (Flyball, 8RS, EV 98.1 MPH)
Batting: LHB Juan Chavez 0-0: Called Strike
0-1: Foul Ball, location: 2F
0-2: Ball
1-2: Strikes out swinging
Top of the 2nd over - 0 runs, 0 hits, 0 errors, 1 left on base; Washington 1 - Toronto 0
BOTTOM OF THE 2ND
Toronto Blue Jays batting - Pitching for Washington Nationals : LHP Jimmy Bruder
Batting: RHB Victor Ramirez 0-0: Called Strike
0-1: Ball
1-1: Foul Ball, location: 9LMF
1-2: Strikes out looking
Batting: RHB Justin Dupree 0-0: Ball
1-0: Ball
2-0: Ball
3-0: Swinging Strike
3-1: Foul Ball, location: 9LDF
3-2: Foul Ball, location: 3SF
3-2: Strikes out swinging
Batting: SHB Mark Spalding 0-0: Ball
1-0: Called Strike
1-1: Ball
2-1: Ball
3-1: Called Strike
3-2: Strikes out swinging, 2-3 out at first.
Bottom of the 2nd over - 0 runs, 0 hits, 0 errors, 0 left on base; Washington 1 - Toronto 0
TOP OF THE 3RD
Washington Nationals batting - Pitching for Toronto Blue Jays : RHP Jason Hudgins
Batting: RHB Fidel Trinidad 0-0: Ball
1-0: Ball
2-0: Swinging Strike
2-1: Ball
3-1: Base on Balls
Batting: RHB Luis Rivera 0-0: Swinging Strike
0-1: Called Strike
0-2: Ball
1-2: Ball
2-2: Ball
3-2: Foul Ball, location: 2LF
3-2: Foul Ball, location: 2F
3-2: Strikes out swinging
Batting: RHB Mario Garcia 0-0: Ball
1-0: Called Strike
1-1: Ball
2-1: Fly out, F8 (Flyball, 78M, EV 86.9 MPH)
Batting: LHB Bubba Main 0-0: Foul Ball, location: 2F
0-1: Ball
1-1: Called Strike
1-2: Foul Ball, location: 23F
1-2: Ball
2-2: Foul Ball, location: 3FF
2-2: Strikes out swinging
Top of the 3rd over - 0 runs, 0 hits, 0 errors, 1 left on base; Washington 1 - Toronto 0
BOTTOM OF THE 3RD
Toronto Blue Jays batting - Pitching for Washington Nationals : LHP Jimmy Bruder
Batting: RHB William Taveras 0-0: Ball
1-0: Fly out, F8 (Flyball, 8LD, EV 100.6 MPH)
Batting: RHB Greg Bates 0-0: Foul Ball, location: 2F
0-1: Ball
1-1: Swinging Strike
1-2: Foul Ball, location: 9LMF
1-2: SINGLE (Groundball, 56D, EV 101.3 MPH)
Batting: RHB Danny Daugherty 0-0: Swinging Strike
0-1: Ball
1-1: Called Strike
1-2: Foul Ball, location: 2F
1-2: Strikes out swinging
Batting: RHB Greg Whitaker 0-0: Ball
1-0: Ball
Greg Bates is caught stealing 2nd base 2-4
Bottom of the 3rd over - 0 runs, 1 hit, 0 errors, 0 left on base; Washington 1 - Toronto 0
TOP OF THE 4TH
Washington Nationals batting - Pitching for Toronto Blue Jays : RHP Jason Hudgins
Batting: RHB Jon Young 0-0: Ground out 4-3 (Groundball, 4, EV 86.9 MPH)
Batting: LHB Jose Lara 0-0: Ball
1-0: Ground out U3 (Groundball, 34D, EV 90.6 MPH)
Batting: RHB Isaiah Williams 0-0: Called Strike
0-1: Called Strike
0-2: SINGLE (Groundball, 6M, EV 105.0 MPH) (infield hit)
Batting: SHB Kyle Spencer 0-0: Ball
1-0: Called Strike
1-1: Swinging Strike
1-2: Ball
2-2: Strikes out swinging
Top of the 4th over - 0 runs, 1 hit, 0 errors, 1 left on base; Washington 1 - Toronto 0
BOTTOM OF THE 4TH
Toronto Blue Jays batting - Pitching for Washington Nationals : LHP Jimmy Bruder
Batting: RHB Greg Whitaker 0-0: SINGLE (Line Drive, 7S, EV 100.6 MPH)
Batting: SHB Dennis Desper 0-0: Swinging Strike
0-1: Ball
1-1: Swinging Strike
1-2: Ball
2-2: Foul Ball, location: 2F
2-2: Ball
3-2: Foul Ball, location: 2F
3-2: Strikes out looking
Batting: RHB Ricky Ulloa 0-0: Foul Ball, location: 25FF
0-1: Ball
1-1: Ball
2-1: Swinging Strike
2-2: Strikes out looking
Batting: RHB Victor Ramirez 0-0: Foul Ball, location: 2F
0-1: Foul Ball, location: 9LMF
0-2: Fielders Choice at 2nd, 6-4 (Groundball, 6, EV 84.4 MPH)
Bottom of the 4th over - 0 runs, 1 hit, 0 errors, 1 left on base; Washington 1 - Toronto 0
TOP OF THE 5TH
Washington Nationals batting - Pitching for Toronto Blue Jays : RHP Jason Hudgins
Batting: LHB Juan Chavez 0-0: Swinging Strike
0-1: Ball
1-1: Swinging Strike
1-2: Ball
2-2: Ball
3-2: Strikes out swinging
Batting: RHB Fidel Trinidad 0-0: Called Strike
0-1: Foul Ball, location: 5FF
0-2: Ball
1-2: Foul Ball, location: 7LSFF
1-2: Strikes out swinging
Batting: RHB Luis Rivera 0-0: Ball
1-0: Called Strike
1-1: Foul Ball, location: 2F
1-2: Ground out 6-3 (Groundball, 6, EV 81.9 MPH)
Top of the 5th over - 0 runs, 0 hits, 0 errors, 0 left on base; Washington 1 - Toronto 0
BOTTOM OF THE 5TH
Toronto Blue Jays batting - Pitching for Washington Nationals : LHP Jimmy Bruder
Batting: RHB Justin Dupree 0-0: Called Strike
0-1: Foul Ball, location: 25FF
0-2: Ball
1-2: Ball
2-2: Ground out 4-3 (Groundball, 4, EV 93.8 MPH)
Batting: SHB Mark Spalding 0-0: Called Strike
0-1: Ball
1-1: Ball
2-1: Called Strike
2-2: Ball
3-2: Ground out 4-3 (Groundball, 34, EV 95.0 MPH)
Batting: RHB William Taveras 0-0: Ball
1-0: Ball
2-0: Ball
3-0: Called Strike
3-1: Fly out, F9 (Flyball, 9LS, EV 90.0 MPH)
Bottom of the 5th over - 0 runs, 0 hits, 0 errors, 0 left on base; Washington 1 - Toronto 0
TOP OF THE 6TH
Washington Nationals batting - Pitching for Toronto Blue Jays : RHP Jason Hudgins
Batting: RHB Mario Garcia 0-0: Ball
1-0: Ball
2-0: Ball
3-0: Swinging Strike
3-1: Base on Balls
Batting: LHB Bubba Main 0-0: Ball
1-0: Foul Ball, location: 2RF
1-1: Swinging Strike
1-2: Ball
2-2: Strikes out swinging
Batting: RHB Jon Young 0-0: Grounds into double play, 5-4-3 (Groundball, 56S, EV 90.0 MPH)
Top of the 6th over - 0 runs, 0 hits, 0 errors, 0 left on base; Washington 1 - Toronto 0
BOTTOM OF THE 6TH
Toronto Blue Jays batting - Pitching for Washington Nationals : LHP Jimmy Bruder
Pitching: RHP Johnny Reed
Batting: RHB Greg Bates 0-0: Ball
1-0: Called Strike
1-1: Called Strike
1-2: Ball
2-2: SINGLE (Groundball, 56D, EV 97.5 MPH)
Batting: RHB Danny Daugherty 0-0: Called Strike
0-1: Called Strike
0-2: Ball
1-2: Strikes out swinging
Batting: RHB Greg Whitaker 0-0: Foul Ball, location: 5SF
0-1: Swinging Strike
0-2: Ball
1-2: Ground out 6-3 (Groundball, 6S, EV 71.3 MPH)
Greg Bates to second
Batting: SHB Dennis Desper 0-0: Swinging Strike
0-1: Ball
1-1: Ball
2-1: Called Strike
2-2: Ball
3-2: Base on Balls
Batting: RHB Ricky Ulloa 0-0: Called Strike
0-1: Ball
1-1: Foul Ball, location: 3DF
1-2: Ball
2-2: Foul Ball, location: 2F
2-2: Ball
3-2: Fly out, F7 (Flyball, 7S, EV 88.1 MPH)
Bottom of the 6th over - 0 runs, 1 hit, 0 errors, 2 left on base; Washington 1 - Toronto 0
TOP OF THE 7TH
Washington Nationals batting - Pitching for Toronto Blue Jays : RHP Jason Hudgins
Batting: LHB Jose Lara 0-0: Called Strike
0-1: Foul Ball, location: 2F
0-2: Strikes out swinging
Batting: RHB Isaiah Williams 0-0: Ball
1-0: Called Strike
1-1: Called Strike
1-2: Ball
2-2: Foul Ball, location: 2F
2-2: Ball
3-2: Foul Ball, location: 3F
3-2: Fly out, F4 (Popup, 3D, EV 61.9 MPH)
Batting: SHB Kyle Spencer 0-0: Fly out, F8 (Flyball, 78D, EV 93.1 MPH)
Top of the 7th over - 0 runs, 0 hits, 0 errors, 0 left on base; Washington 1 - Toronto 0
BOTTOM OF THE 7TH
Toronto Blue Jays batting - Pitching for Washington Nationals : RHP Johnny Reed
Batting: RHB Victor Ramirez 0-0: Called Strike
0-1: Ball
1-1: Swinging Strike
1-2: Strikes out swinging, 2-3 out at first.
Batting: RHB Justin Dupree 0-0: SINGLE (Line Drive, 9S, EV 102.5 MPH)
Pitching: RHP Ricky Maldonado
Batting: SHB Mark Spalding 0-0: SINGLE (Line Drive, 56D, EV 103.1 MPH)
Justin Dupree to second
Batting: RHB William Taveras 0-0: Ball
1-0: Foul Ball, location: 5SF
1-1: Foul Ball, location: 2F
1-2: Fielders Choice at 2nd, 3-6 (Groundball, 34, EV 80.6 MPH)
Justin Dupree to third
Batting: RHB Greg Bates 0-0: Called Strike
0-1: TRIPLE (Flyball, 78XD, EV 94.4 MPH)
Justin Dupree scores
William Taveras scores
Pinch Hitting: LHB John Slaff 0-0: Called Strike
0-1: Ball
1-1: Called Strike
1-2: SINGLE (Groundball, 6MD, EV 105.6 MPH)
Greg Bates scores
Batting: RHB Greg Whitaker 0-0: Ball
1-0: Called Strike
1-1: Foul Ball, location: 2F
1-2: Ball
2-2: Foul Ball, location: 5F
2-2: Fly out, F7 (Line Drive, 7S, EV 86.9 MPH)
Bottom of the 7th over - 3 runs, 4 hits, 0 errors, 1 left on base; Washington 1 - Toronto 3
TOP OF THE 8TH
Washington Nationals batting - Pitching for Toronto Blue Jays : RHP Jason Hudgins
Pitching: RHP Ivan Juarez
Now at 1B: Justin Dupree
Now at 3B: Mark Spalding
Now at SS: Damani Fowlkes
Now in RF: John Slaff
Batting: LHB Juan Chavez 0-0: Called Strike
0-1: Ball
1-1: Foul Ball, location: 9LMF
1-2: Foul Ball, location: 7LDF
1-2: Ball
2-2: Foul Ball, location: 2F
2-2: Strikes out swinging
Batting: RHB Fidel Trinidad 0-0: Foul Ball, location: 9LSF
0-1: Ball
1-1: Called Strike
1-2: Ball
2-2: Fly out, F9 (Flyball, 89D, EV 106.3 MPH)
Batting: RHB Luis Rivera 0-0: Called Strike
0-1: Swinging Strike
0-2: Strikes out swinging
Top of the 8th over - 0 runs, 0 hits, 0 errors, 0 left on base; Washington 1 - Toronto 3
BOTTOM OF THE 8TH
Toronto Blue Jays batting - Pitching for Washington Nationals : RHP Ricky Maldonado
Batting: SHB Damani Fowlkes 0-0: Called Strike
0-1: Foul Ball, location: 7LDF
0-2: Foul Ball, location: 7LMF
0-2: Foul Ball, location: 2F
0-2: Ball
1-2: SINGLE (Groundball, 6MD, EV 100.6 MPH)
Batting: RHB Ricky Ulloa 0-0: Ball
1-0: Foul Ball, location: 2F
1-1: Foul Ball, location: 2F
1-2: Strikes out swinging
Batting: RHB Victor Ramirez 0-0: Called Strike
0-1: Ball
1-1: Foul Ball, location: 3FF
1-2: Ball
2-2: Strikes out swinging
Batting: RHB Justin Dupree 0-0: Foul Ball, location: 9LMF
0-1: Called Strike
0-2: Foul Ball, location: 9LMF
0-2: Ball
1-2: SINGLE (Flyball, 6D, EV 91.3 MPH)
Damani Fowlkes to second
Pitching: RHP Tomas Diaz
Batting: SHB Mark Spalding 0-0: Called Strike
0-1: Ball
1-1: Ground out 4-3 (Groundball, 4, EV 107.5 MPH)
Bottom of the 8th over - 0 runs, 2 hits, 0 errors, 2 left on base; Washington 1 - Toronto 3
TOP OF THE 9TH
Washington Nationals batting - Pitching for Toronto Blue Jays : RHP Ivan Juarez
Batting: RHB Mario Garcia 0-0: Called Strike
0-1: Called Strike
0-2: Ball
1-2: Ball
2-2: Fly out, F8 (Flyball, 8LM, EV 82.5 MPH)
Batting: LHB Bubba Main 0-0: Ground out 4-3 (Groundball, 4MD, EV 102.5 MPH)
Batting: RHB Jon Young 0-0: Called Strike
0-1: Fly out, F9 (Flyball, 9, EV 90.0 MPH)
Top of the 9th over - 0 runs, 0 hits, 0 errors, 0 left on base; Washington 1 - Toronto 3
Friday, May 3rd , 2024 - OOTP Baseball 24.11 Build 85